 Dungeon Crawl Stone Soup version 0.21.1-1-g345015fe64 (webtiles) character file.

109 Khress the Covered (level 4, -1/37 HPs)
             Began as a Barachi Fighter on Feb 21, 2018.
             Slain by a gnoll
             ... wielding a +0 halberd
              (6 damage)
             ... on level 3 of the Dungeon.
             The game lasted 00:12:09 (1929 turns).

Khress the Covered (Barachi Fighter)                Turns: 1929, Time: 00:12:10

Health: -1/37      AC: 11    Str: 24    XL:     4   Next: 90%
Magic:  4/4        EV:  8    Int:  8    God:
Gold:   89         SH:  9    Dex: 11    Spells: 3/3 levels left

rFire    . . .     SeeInvis .   a - +0 flail
rCold    . . .     Gourm    .   c - +0 shield
rNeg     . . .     Faith    .   b - +4 scale mail
rPois    .         Spirit   .   (no helmet)
rElec    .         Reflect  .   (no cloak)
rCorr    .         Harm     .   (no gloves)
MR       +....                  (no boots)
Stlth    ..........             (no amulet)
HPRegen  0.12/turn              h - ring of protection from magic
MPRegen  0.09/turn              (no ring)

@: mighty, hasted, very quick
A: +LOS, swims, slowness 1, strong legs 1
a: Hop


You were on level 3 of the Dungeon.
You were not hungry.

You visited 1 branch of the dungeon, and saw 3 of its levels.

You collected 89 gold pieces.

Inventory:

Hand Weapons
 a - a +0 flail (weapon)
 e - a cursed -2 dagger
 q - a cursed +0 hunting sling
 s - a +0 mace
 u - a +0 whip of venom
Missiles
 i - 32 arrows
 l - 13 sling bullets
 o - 64 stones (quivered)
 p - 62 bolts
Armour
 b - a +4 scale mail (worn)
 c - a +0 shield (worn)
 j - a +0 scale mail
Jewellery
 h - a ring of protection from magic (left hand)
Scrolls
 x - a scroll of identify
Potions
 g - 2 potions of mutation
 k - a potion of resistance
 n - 2 potions of degeneration {unknown}
 r - a potion of agility {unknown}
 w - a potion of heal wounds {unknown}
Comestibles
 f - 5 rations


   Skills:
 + Level 4.2 Fighting
 + Level 3.5 Maces & Flails
 + Level 4.5 Armour
 + Level 1.3 Dodging
 + Level 3.7 Shields


You had 3 spell levels left.
You didn't know any spells.

Dungeon Overview and Level Annotations

Branches:
Dungeon (3/15)

Altars:
Okawaru
Sif Muna


Innate Abilities, Weirdness & Mutations

Shadows flee at your approach. (+LOS)
You can swim through water.
You cover ground slowly.
You can hop short distances.


Message History

You block the gnoll's attack.
Throwing (i - inventory. (,) - cycle):
t - a javelin (quivered)
Press: ? - help, Shift-Dir - straight line, f/p - gnoll
Aim: a gnoll (lightly wounded)
You throw a javelin. The javelin hits the gnoll!
The gnoll is almost dead.
The gnoll hits you. The gnoll barely misses you.
The gnoll hits you from afar with a halberd.
You block the gnoll's attack. x2
You thump the gnoll!
You kill the gnoll!
You block the gnoll's attack. The gnoll closely misses you. x2
The gnoll hits you from afar with a halberd.
* * * LOW HITPOINT WARNING * * *
You feel yourself speed up.
You feel very mighty all of a sudden.
The gnoll hits you from afar with a halberd.
* * * LOW HITPOINT WARNING * * *
The gnoll hits you from afar with a halberd.
You die...

#......#.#
#.####.#.## #.#
#....#
#######.####.....#
#.................
#.#####.##.#.....#
#.# #.........##
#.# ####.#.....
#@# #......## #.##
#####.## #gg# #.#
##.# #.# #.# #.###
#)#.## #(...####


You could see 2 gnolls.

Vanquished Creatures
  2 gnolls (D:3)
  3 adders
  An ooze (D:2)
  A worm (D:3)
  A dart slug (D:2)
  An orc (D:3)
  2 ball pythons
  4 giant cockroaches
  6 goblins
  9 hobgoblins
  8 kobolds
  8 bats
  A frilled lizard (D:2)
  5 rats
52 creatures vanquished.

Notes
Turn   | Place    | Note
-------+----------+-------------------------------------------
     0 | D:1      | Khress the Barachi Fighter began the quest for the Orb.
     0 | D:1      | Reached XP level 1. HP: 18/18 MP: 1/1
    73 | D:1      | Reached XP level 2. HP: 22/25 MP: 2/2
   694 | D:2      | Reached XP level 3. HP: 30/30 MP: 3/3
   737 | D:2      | Reached skill level 1 in Dodging
   921 | D:2      | Reached XP level 4. HP: 25/37 MP: 4/4
  1110 | D:2      | Found an iron altar of Okawaru.
  1652 | D:3      | Found a deep blue altar of Sif Muna.
  1929 | D:3      | Slain by a gnoll

Skill      XL: |  1  2  3  4 |
---------------+-------------+-----
Armour         | 4 |  4.5
Fighting       | 4 |  4.2
Dodging        | 1 |  1.3
Maces & Flails | 3 |  3.5
Shields        | |  3.7

Action                   |  1- 3 |  4- 6 || total
-------------------------+-------+-------++-------
Melee: Flail             |   111 |    69 ||   180
Throw: Javelin           |       |    10 ||    10
  Use: Scroll            |    10 |     1 ||    11
       Potion            |       |     2 ||     2
  Eat: Ration            |       |     1 ||     1
       Chunk             |       |     1 ||     1
Armor: Scale mail        |    55 |    47 ||   102
Dodge: Dodged            |    39 |    30 ||    69
Block: Shield            |    53 |    41 ||    94
